 Dungeon Crawl Stone Soup version 0.27-a0-1202-ge72e49191c (webtiles) character file.

Game seed: 7353266206994332822

1292 senseless the Stinger (level 8, -10/64 HPs)
             Began as a Naga Venom Mage on June 4, 2021.
             Was a Priest of Qazlal.
             Mangled by Pikel
             ... wielding a +0 whip of electrocution
              (19 damage)
             ... on level 5 of the Dungeon.
             The game lasted 00:21:46 (4182 turns).

senseless the Stinger (Naga Venom Mage)             Turns: 4182, Time: 00:21:46

Health: -10/64     AC: 11    Str: 10    XL:     8   Next: 56%
Magic:  11/15      EV:  8    Int: 18    God:    Qazlal [***...]
Gold:   178        SH:  3    Dex: 12    Spells: 10/16 levels left

rFire    . . .     SeeInvis +   b - +12 quarterstaff of Datysetz {vorpal, rF- rN+++ Will- SInv}
rCold    . . .     Faith    +   (shield currently unavailable)
rNeg     + + +     Spirit   .   p - +0 robe {Will+}
rPois    +         Reflect  .   n - +0 helmet
rElec    .         Harm     .   B - +0 cloak
rCorr    .         Rampage  .   v - +0 pair of gloves
Will     +....                  j - +0 barding {rF+}
Stlth    ++........             k - amulet of faith
HPRegen  0.20/turn              (no ring)
MPRegen  0.14/turn              (no ring)

@: very slow
A: AC +2, large, see invisible, deformed body, poison resistance, slowness 2,
spit poison 1, naga tail 1
a: Spit Poison, Renounce Religion, Upheaval, Elemental Force


You were on level 5 of the Dungeon.
You worshipped Qazlal.
Qazlal was most pleased with you.
You visited 1 branch of the dungeon, and saw 5 of its levels.

You collected 178 gold pieces.

Inventory:

Hand Weapons
 b - the +12 quarterstaff of Datysetz (weapon) {vorpal, rF- rN+++ Will- SInv}
   (You acquired it on level 2 of the Dungeon)

   It inflicts extra damage upon your enemies.
   It makes you vulnerable to fire.
   It renders you almost immune to negative energy.
   It lets you see invisible.
   It decreases your willpower.
 c - a +0 whip
 d - a +0 dagger of venom
 A - the +1 quarterstaff "Yciepeox" {freeze, rElec Dex+2 SInv}
   (You found it on level 4 of the Dungeon)

   It has been specially enchanted to freeze those struck by it, causing extra
   injury to most foes and up to half again as much damage against particularly
   susceptible opponents.
   It can also slow down cold-blooded creatures.
   It affects your dexterity (+2).
   It insulates you from electricity.
   It lets you see invisible.
Missiles
 f - 20 poisoned darts
Armour
 g - a +0 robe
 j - a +0 barding of fire resistance (worn)
 n - a +0 helmet (worn)
 p - a +0 robe of willpower (worn)
 u - a +2 robe of positive energy
 v - a +0 pair of gloves (worn)
 B - a +0 cloak (worn)
Magical Staves
 a - a staff of poison
Jewellery
 k - an amulet of faith (around neck)
Wands
 w - a wand of flame (12)
Scrolls
 l - 3 scrolls of teleportation
 q - 2 scrolls of fog
 y - a scroll of noise {unknown}
 z - a scroll of enchant weapon {unknown}
 C - a scroll of silence {unknown}
Potions
 e - 2 potions of attraction
 h - a potion of lignification
 i - a potion of heal wounds
 m - a potion of mutation
 o - a potion of berserk rage {unknown}
 r - a potion of cancellation {unknown}
 s - a potion of brilliance {unknown}
 t - a potion of curing {unknown}
 x - a potion of resistance {unknown}


   Skills:
 + Level 1.6 Fighting
 + Level 0.2 Short Blades
 + Level 2.8 Staves
 * Level 3.1 Armour
 + Level 2.8 Dodging
 + Level 4.0 Stealth
 + Level 0.7 Shields
 + Level 4.9 Spellcasting
 + Level 0.3 Conjurations
 + Level 3.6 Transmutations
 + Level 0.5 Air Magic
 + Level 6.6 Poison Magic


You had 10 spell levels left.
You knew the following spells:

 Your Spells              Type           Power      Damage    Failure   Level
a - Sting                 Tmut/Pois      92%        1d7       1%          1
b - Poisonous Vapours     Pois/Air       34%        N/A       4%          2
c - Mephitic Cloud        Conj/Pois/Air  13%        N/A       14%         3

Your spell library contained the following spells:

 Spells                   Type           Power      Damage    Failure   Level
 Olgreb's Toxic Radiance  Pois           28%        N/A       9%          4
 Ignite Poison            Fire/Tmut/Pois 16%        N/A       10%         3
 Confusing Touch          Hex            4%         N/A       38%         3
 Gell's Gravitas          Tloc           2%         N/A       38%         3
 Petrify                  Tmut/Erth      10%        N/A       54%         4
 Yara's Violent Unravell  Hex/Tmut       5%         3d4       87%         5
 Metabolic Englaciation   Hex/Ice        2%         N/A       98%         5


Dungeon Overview and Level Annotations

Branches:
Dungeon (5/15)
 Temple: D:4-7

Altars:
Qazlal
Vehumet

Annotations:
D:5 Pikel


Innate Abilities, Weirdness & Mutations

Your serpentine skin is tough. (AC +2)
You have supernaturally acute eyesight. (SInv)
Armour fits poorly on your strangely shaped body.
Your system is resistant to poisons. (rPois)
You cover ground very slowly.
You can spit poison.
You have a snake-like lower body.


Message History

You feel a surge of power!
The sting hits Pikel.
Pikel looks even sicker.
Pikel is moderately wounded.
A lemure comes into view.
You feel a surge of power!
You miscast Sting.
You are very lightly contaminated with residual magic.
Nothing appears to happen.
Pikel says, "You'll make a fine lemure."
Pikel hits you but does no damage.
You are electrocuted!!
b - the +12 quarterstaff of Datysetz (weapon)
{vorpal, rF- rN+++ Will- SInv} Pikel barely misses you.
You hit Pikel but do no damage.
Pikel is moderately wounded.
Pikel hits you with a +0 whip of electrocution.
You are electrocuted!!
* * * LOW HITPOINT WARNING * * *
You closely miss Pikel.
Pikel is moderately wounded.
Pikel hits you but does no damage.
You are too injured to fight recklessly!
Casting: Sting (safe; 1% risk of failure)
Confirm with . or Enter, or press ? or * to list all spells.
Aiming: Sting (safe; 1% risk of failure)
Press: ? - help, Shift-Dir - straight line, f/p - Pikel
Aim: Pikel, wielding a +0 whip of electrocution and wearing a +2 robe of willpower (moderately wounded, poisoned, 70% to hit)
The sting hits Pikel.
Pikel looks even sicker.
Pikel is heavily wounded.
Pikel closely misses you.
Casting: Sting (safe; 1% risk of failure)
Confirm with . or Enter, or press ? or * to list all spells.
Aiming: Sting (safe; 1% risk of failure)
Press: ? - help, Shift-Dir - straight line, f/p - Pikel
Aim: Pikel, wielding a +0 whip of electrocution and wearing a +2 robe of willpower (heavily wounded, very poisoned, 70% to hit)
The sting hits Pikel.
Pikel looks even sicker.
Pikel is heavily wounded.
Pikel hits you with a +0 whip of electrocution.
* * * LOW HITPOINT WARNING * * *
Your magical contamination has completely faded away.
You see here a yak skeleton.
Pikel hits you but does no damage.
You are electrocuted!!
You die...

#.# #.......## #.#
###...### ###.######.Y.#
#........##Y####
#.#.####.#.....#
##.#..###.#.###)# .
#..#....#.#.# #.## ...
..........#.###..####.....
...............☼@K555.....
...#....#####....####.....
..##.#..# #..#.## ...
.###.#..# #.#### .
........# #. ####....# #.
#.#### #. ####.# #. .....#


You could see Pikel (very poisoned) and 3 lemures.

Vanquished Creatures
  5 yaks (D:5)
  An ice beast (D:5)
  A black bear (D:3)
  A necrophage (D:4)
  Blork the orc (D:4)
  A water moccasin skeleton (D:4)
  A centaur zombie (D:4)
  2 hounds (D:4)
  A centaur skeleton (D:4)
  2 orc wizards (D:5)
  Robin (D:2)
  An adder (D:3)
  An adder skeleton (D:4)
  3 worms
  5 dart slugs
  4 orcs
  5 bats
  3 endoplasms
  3 giant cockroaches
  10 goblins
  9 hobgoblins
  2 jackals (D:4)
  5 quokkas
  5 ball pythons
  5 frilled lizards
  3 kobolds
  2 rats
83 creatures vanquished.

Notes
Turn   | Place    | Note
-------+----------+-------------------------------------------
     0 | D:1      | senseless the Naga Venom Mage began the quest for the Orb.
     0 | D:1      | Reached XP level 1. HP: 15/15 MP: 3/3
   203 | D:1      | Reached XP level 2. HP: 22/22 MP: 3/5
   311 | D:1      | Found a faded altar of an unknown god.
   320 | D:1      | Became a worshipper of Qazlal Stormbringer
   320 | D:1      | Reached * piety under Qazlal
   768 | D:2      | Noticed Robin
   875 | D:2      | Reached XP level 3. HP: 25/28 MP: 3/6
  1096 | D:2      | Killed Robin
  1384 | D:2      | Learned a level 2 spell: Poisonous Vapours
  1422 | D:2      | Reached XP level 4. HP: 36/36 MP: 3/8
  1570 | D:2      | Identified 3 scrolls of acquirement
  1570 | D:2      | Acquired the +12 quarterstaff of Datysetz {vorpal, rF-
                  | rN+++ Will- SInv}
  1664 | D:2      | Acquired a +0 barding of fire resistance
  1671 | D:2      | Acquired a staff of poison
  1751 | D:3      | Reached ** piety under Qazlal
  2614 | D:3      | Noticed a black bear
  2623 | D:3      | Killed a black bear
  2624 | D:3      | Reached XP level 5. HP: 33/42 MP: 1/10
  2744 | D:3      | Reached skill level 1 in Armour
  2830 | D:4      | Noticed Blork the orc
  2838 | D:4      | Killed Blork the orc
  2839 | D:4      | Reached skill level 5 in Poison Magic
  2839 | D:4      | Reached XP level 6. HP: 47/50 MP: 3/11
  2955 | D:4      | Found a radiant altar of Vehumet.
  2974 | D:4      | Noticed a necrophage
  2989 | D:4      | Killed a necrophage
  2990 | D:4      | Reached skill level 1 in Staves
  3111 | D:4      | Identified the +1 ring mail of the Arcane {rC- rN+++ rCorr
                  | Stlth-}
  3266 | D:4      | Reached XP level 7. HP: 51/56 MP: 8/13
  3583 | D:4      | Identified the +1 quarterstaff "Yciepeox" {freeze, rElec
                  | Dex+2 SInv}
  3606 | D:4      | Learned a level 3 spell: Mephitic Cloud
  3607 | D:5      | Entered Level 5 of the Dungeon
  3623 | D:5      | Reached *** piety under Qazlal
  3836 | D:5      | Reached skill level 6 in Poison Magic
  3902 | D:5      | Noticed a yak
  3903 | D:5      | Noticed a yak
  3903 | D:5      | Noticed a yak
  3904 | D:5      | Noticed a yak
  3905 | D:5      | Noticed a yak
  3911 | D:5      | Killed a yak
  3912 | D:5      | Reached skill level 1 in Fighting
  3913 | D:5      | Killed a yak
  3914 | D:5      | Reached XP level 8. HP: 55/64 MP: 6/14
  3920 | D:5      | Killed a yak
  3944 | D:5      | Killed a yak
  3949 | D:5      | Killed a yak
  4173 | D:5      | Noticed Pikel
  4182 | D:5      | Mangled by Pikel

Illustrated notes

Levels and vault maps discovered:
D:1:      eino_arrival_tree_alley, layout_rooms,
          shapermc_ecumenical_altar_starsandcircs
D:2:      layout_rooms, serial_glass, glass_columns_a, glass_columns_b,
          uniq_robin
D:3:      layout_basic, chequers_avenue, minmay_joined_circles
D:4:      layout_cave_pools, lemuel_tele_altar, serial_column_ruins,
          column_ruins_open_small, column_ruins_grid_4, column_ruins_grid_1,
          column_ruins_open_medium_water, column_ruins_grid_1,
          uniq_blork_the_orc
D:5:      layout_loops_corners, minmay_temple_entry_poolview, uniq_pikel

Skill      XL: |  1  2  3  4  5  6  7  8 |
---------------+-------------------------+-----
Spellcasting   | 3 4 |  4.9
Transmutations | 2 3 |  3.6
Armour         | 1 2 3 |  3.1
Poison Magic   | 5 6 |  6.6
Staves         | 1 2 |  2.8
Dodging        | 2 |  2.8
Fighting       | 1 |  1.6
Stealth        | 4 |  4.0
Short Blades   | |  0.2
Shields        | |  0.7
Conjurations   | |  0.3
Air Magic      | |  0.5

Action                   |  1- 3 |  4- 6 |  7- 9 || total
-------------------------+-------+-------+-------++-------
Melee: Unarmed           |     2 |       |       ||     2
       Whip              |     3 |       |       ||     3
       Dagger            |    15 |       |       ||    15
       Staff             |       |    22 |    10 ||    32
       Quarterstaff      |       |    13 |    31 ||    44
 Cast: Sting             |    55 |    46 |    29 ||   130
       Poisonous Vapours |     2 |     6 |       ||     8
       Mephitic Cloud    |       |       |     1 ||     1
  Use: Scroll            |     1 |     9 |       ||    10
 Stab: Confused          |       |       |     1 ||     1
Armor: Robe              |    11 |    25 |    41 ||    77
Dodge: Dodged            |    15 |    24 |    23 ||    62
Block: Other             |     2 |    10 |     8 ||    20

Table legend: (Time is in decaauts)
 A = Elapsed time spent in this place.
 B = Non-inter-level travel time spent in this place.
 C = Inter-level travel time spent in this place.
 D = Time resting spent in this place.
 E = Time spent auto-exploring this place.
 F = Levels seen in this place.
 G = Mean time per level.
                   A        B        C        D        E       F      G
               +--------+--------+--------+--------+--------+-----+--------+
         Total |   5031 |   4753 |    278 |    171 |   3854 |   5 | 1006.2 |
       Dungeon |   5031 |   4753 |    278 |    171 |   3854 |   5 | 1006.2 |
               +--------+--------+--------+--------+--------+-----+--------+

Top non-repeatable levels by time:
     D:3: 1445 daAuts
     D:1: 1024 daAuts
     D:2: 997 daAuts
     D:4: 949 daAuts
     D:5: 614 daAuts
